 Dungeon Crawl Stone Soup version 0.29.0-4-gdea44cf6ec (webtiles) character file.

Game seed: 1982504658294726617

16 qw the Chopper (level 2, 0/17 HPs)
             Began as a Tengu Warper on Aug 28, 2022.
             Succumbed to their own poison gas
             ... on level 1 of the Dungeon.
             The game lasted 00:00:03 (772 turns).

qw the Chopper (Tengu Warper)                        Turns: 772, Time: 00:00:04

Health: 0/17       AC:  3    Str: 11    XL:     2   Next: 54%
Magic:  6/6        EV: 15    Int: 13    God:
Gold:   24         SH:  0    Dex: 13    Spells: 5/5 levels left

rFire   . . .      SeeInvis .   Y - +0 hand axe
rCold   . . .      Faith    .   (no shield)
rNeg    . . .      Spirit   .   b - +0 leather armour
rPois   .          Reflect  .   (helmet restricted)
rElec   .          Harm     .   (no cloak)
rCorr   .          Rampage  .   (no gloves)
Will    .....      Clarity  +   (boots unavailable)
Stlth   +.........              (no amulet)
HPRegen 0.05/turn               o - +4 ring of evasion
MPRegen 0.10/turn               (no ring)

@: brilliant, lethally poisoned (0 -> -10)
A: beak, talons 3, clarity, mutation resistance 1
a: no special abilities


You were on level 1 of the Dungeon.
You visited 1 branch of the dungeon, and saw 1 of its levels.

You collected 24 gold pieces.


Innate Abilities, Weirdness & Mutations

You have a beak for a mouth.
You have claws for feet.
You possess an exceptional clarity of mind.
You are somewhat resistant to further mutation.


   Skills:
 - Level 2.0 Fighting
 + Level 3.4 Axes
 - Level 1.0 Throwing
 - Level 1.1 Armour
 - Level 2.1 Dodging
 - Level 2.0 Spellcasting
 - Level 2.4 Translocations


You had 5 spell levels left.
You didn't know any spells.
Your spell library contained the following spells:

 Spells                   Type           Power      Damage    Failure   Level
 Blink                    Tloc           22%        N/A       19%         2
 Gell's Gravitas          Tloc           11%        N/A       36%         3
 Lesser Beckoning         Tloc           11%        N/A       36%         3
 Teleport Other           Tloc           11%        N/A       36%         3
 Manifold Assault         Tloc           11%        N/A       98%         5

Inventory:

Hand Weapons
 k - a +0 whip
 Y - a +0 hand axe (weapon)
Missiles
 l - 2 javelins (quivered)
Armour
 b - a +0 leather armour (worn)
Jewellery
 o - a +4 ring of evasion (left hand)
Potions
 e - a potion of heal wounds {unknown}
 h - a potion of mutation
 n - a potion of cancellation {unknown}

Dungeon Overview and Level Annotations

Branches:
Dungeon (1/15)

Altars:


Message History

Really abort (and waste the scroll)?
Done exploring.
763 ||| READING scroll labelled HOELYW WAREPHI.
The air fills with toxic fumes!
As you read the scroll labelled HOELYW WAREPHI, it crumbles to dust.
It was a scroll of poison.
Done exploring.
764 ||| READING scroll labelled TOCUCZ NIVVUVE.
As you read the scroll labelled TOCUCZ NIVVUVE, it crumbles to dust.
You feel momentarily disoriented.
It was a scroll of magic mapping.
Done exploring.
765 ||| DRINKING 2 orange potions.
It was a potion of brilliance.
You feel clever all of a sudden.
Done exploring.
766 ||| DRINKING 2 smoky golden potions.
It was a potion of mutation.
You feel extremely strange.
Your thoughts seem clearer.
You feel genetically stable.
Done exploring.
767 ||| DROPPING scroll of blinking.
You drop a scroll of blinking.
Done exploring.
768 ||| DROPPING potion of brilliance.
You drop a potion of brilliance.
Done exploring.
(D) Dungeon
Where to? (* - list waypoints, ? - help)
What level of the Dungeon? (default 1, ? - help) Sorry, I don't know how to get there.
Done exploring.
769 ||| Stepping randomly (stuck).
Really walk into that cloud of poison gas?
You are engulfed in poison gas.
You are lethally poisoned!
You feel very sick.
770 ||| Stepping ~*~*~tactically~*~*~ (cloud).
You feel very sick.
Things that are here:
a potion of brilliance; a scroll of blinking
There is a lethal amount of poison in your body!
You feel very sick.
There is a lethal amount of poison in your body!
You die...

'..'.<.##.# #.##.##### #.#
#..'...##.###+##.....# #.#
####...##.##.¤¤¤00¤0.####.#
######+##.##..¤¤¤¤¤..'....#
#..##.....##..¤0¤¤¤..######
...........+...¤¤¤.###
#..##...####...000.#
#####'### #####¤########
####...# #0@¤¤¤¤¤00#
#..#...# ##¤00¤000¤0#
'..'...# ####0¤¤0¤0¤¤¤0####
#..#...# #.¤0000¤000000...#
#..#..)# #¤¤0¤¤¤¤¤¤¤¤¤0...#
#..##### #¤00¤¤¤¤¤¤0¤¤¤...#
##..## #0¤¤¤¤00¤¤########
##..# #00¤00¤¤0¤# ##.#
####......#


There were no monsters in sight!

Vanquished Creatures
  2 bats (D:1)
  An endoplasm (D:1)
  4 hobgoblins (D:1)
  4 ball pythons (D:1)
  2 frilled lizards (D:1)
  2 rats (D:1)
15 creatures vanquished.

Notes
Turn   | Place    | Note
-------+----------+-------------------------------------------
     0 | D:1      | qw the Tengu Warper began the quest for the Orb.
     0 | D:1      | Reached XP level 1. HP: 12/12 MP: 4/4
     0 | D:1      | 0 ||| qw: Version: 0.1-a-89-g26bdef1
     0 | D:1      | 0 ||| qw: Game counter: 1949
     0 | D:1      | 0 ||| qw: Always use a shield: true
     0 | D:1      | 0 ||| qw: God list: Okawaru
     0 | D:1      | 0 ||| qw: Allow faded altars: false
     0 | D:1      | 0 ||| qw: Do Orc after D:15 true
     0 | D:1      | 0 ||| qw: Do second Lair branch before Depths: true
     0 | D:1      | 0 ||| qw: Lair rune preference: random
     0 | D:1      | 0 ||| qw: Plans: Normal
     0 | D:1      | 0 ||| PLANNING D:1-11
   181 | D:1      | Reached XP level 2. HP: 17/17 MP: 6/6
   215 | D:1      | Found a faded altar of an unknown god.
   218 | D:1      | Reached skill level 3 in Axes
   757 | D:1      | 757 ||| UPGRADING to +4 ring of evasion.
   758 | D:1      | 758 ||| READING scroll labelled ZAILECV BEQOPU.
   761 | D:1      | 761 ||| READING scroll labelled EPETECSUIDO.
   762 | D:1      | 762 ||| READING scroll labelled FUUSHR NUCRERGH.
   763 | D:1      | 763 ||| READING scroll labelled HOELYW WAREPHI.
   764 | D:1      | 764 ||| READING scroll labelled TOCUCZ NIVVUVE.
   765 | D:1      | 765 ||| DRINKING 2 orange potions.
   766 | D:1      | 766 ||| DRINKING 2 smoky golden potions.
   766 | D:1      | Gained mutation: You possess an exceptional clarity of
                  | mind. [potion of mutation]
   766 | D:1      | Gained mutation: You are somewhat resistant to further
                  | mutation. [potion of mutation]
   767 | D:1      | 767 ||| DROPPING scroll of blinking.
   768 | D:1      | 768 ||| DROPPING potion of brilliance.
   769 | D:1      | 769 ||| Stepping randomly (stuck).
   770 | D:1      | 770 ||| Stepping ~*~*~tactically~*~*~ (cloud).
   771 | D:1      | HP: 2/17 [poisoned by you (poison gas)]
   772 | D:1      | Succumbed to their own poison gas

Levels and vault maps discovered:
D:1:      dpeg_arrival_houses_and_road, layout_basic,
          nicolae_ecumenical_snake_handling, solitary_fountain

Skill      XL: |  1  2 |
---------------+-------+-----
Axes           | 3 |  3.4
Fighting       | |  2.0
Throwing       | |  1.0
Armour         | |  1.1
Dodging        | |  2.1
Spellcasting   | |  2.0
Translocations | |  2.4

Action                   || total
-------------------------++-------
Melee: Hand axe          ||    22
       Kick              ||     7
Throw: Boomerang         ||     7
       Javelin           ||     2
  Use: Scroll            ||     5
       Potion            ||     2
Armor: Leather armour    ||     1
Dodge: Dodged            ||    15

Table legend:
 A = Non-vault XP
 B = Vault XP
 C = Vault XP percentage of total XP
 D = Non-vault monster count
 E = Vault monster count
 F = Vault count percentage of total count
                 A         B        C        D         E       F
            +---------+---------+-------+---------+---------+-------
      Total |      20 |       3 |  13.0 |      13 |       2 |  13.3
            +---------+---------+-------+---------+---------+-------
        D:1 |      20 |       3 |  13.0 |      13 |       2 |  13.3
            +---------+---------+-------+---------+---------+-------
